 Dungeon Crawl Stone Soup version 0.30.0-29-ga12c61a403 (webtiles) character file.

Game seed: 8868455936552725664

125 safid the Chiller (level 5, -14/39 HPs)
             Began as a Merfolk Ice Elementalist on June 22, 2023.
             Demolished by an ogre
             ... wielding a +0 giant club
              (23 damage)
             ... on level 3 of the Dungeon.
             The game lasted 00:05:37 (2898 turns).

safid the Chiller (Merfolk Ice Elementalist)        Turns: 2898, Time: 00:05:37

Health: -14/39     AC:  4    Str:  8    XL:     5   Next: 9%
Magic:  6/9        EV: 12    Int: 16    God:
Gold:   122        SH:  0    Dex: 15    Spells: 3/10 levels left

rFire   . . .        h - +0 spear
rCold   . . .        (no shield)
rNeg    . . .        a - +0 robe
rPois   .            p - +0 helmet
rElec   .            (no cloak)
rCorr   +            t - +0 pair of gloves
SInv    .            (no boots)
Will    .....        (no amulet)
Stlth   ++           c - ring of resist corrosion
HPRegen 0.26/turn    (no ring)
MPRegen 0.11/turn

%: no passive effects
@: no status effects
A: (nimble swimmer 2), mertail
a: no special abilities


You were on level 3 of the Dungeon.
You visited 1 branch of the dungeon, and saw 4 of its levels.

You collected 122 gold pieces.

Inventory:

Hand Weapons
 h - a +0 spear (weapon)
Armour
 a - a +0 robe (worn)
 p - a +0 helmet (worn)
 t - a +0 pair of gloves (worn)
Jewellery
 c - a ring of resist corrosion (left hand)
Scrolls
 f - 2 scrolls of identify {unknown}
 g - a scroll of magic mapping {unknown}
 i - a scroll of teleportation {unknown}
 n - 2 scrolls of summoning {unknown}
 q - a scroll of immolation {unknown}
 r - a scroll of enchant weapon {unknown}
 s - a scroll of blinking {unknown}
 u - a scroll of noise {unknown}
Potions
 b - 2 potions of magic
 d - a potion of heal wounds {unknown}
 e - a potion of haste {unknown}
 j - 2 potions of curing {unknown}
 k - a potion of berserk rage {unknown}
 l - a potion of attraction {unknown}
 m - a potion of mutation {unknown}
 o - a potion of degeneration {unknown}


   Skills:
 + Level 2.6 Fighting
 - Level 2.6 Dodging
 - Level 2.1 Stealth
 + Level 3.1 Spellcasting
 + Level 5.3 Ice Magic


You had 3 spell levels left.
You knew the following spells:

 Your Spells              Type           Power      Damage    Failure   Level
a - Freeze                Ice            76%        1d8       1%          1
b - Frozen Ramparts       Ice            38%        1d6       6%          3
c - Ozocubu's Armour      Ice            19%        N/A       6%          3

Your spell library contained the following spells:

 Spells                   Type           Power      Damage    Failure   Level
 Blink                    Tloc           4%         N/A       28%         2
 Summon Ice Beast         Ice/Summ       11%        N/A       52%         4
 Manifold Assault         Tloc           2%         N/A       88%         4
 Storm Form               Tmut/Air       1%         N/A       100%        7


Dungeon Overview and Level Annotations

Branches:
Dungeon (4/15)
 Temple: D:4-7

Altars:

Shops:
D:3 (

Annotations:
D:3 2 runed translucent doors, pajopajo's ghost, amateur MiCK


Innate Abilities, Weirdness & Mutations

((You are very nimble when in or above water. (Stealth+, EV+, Speed+++)))
Your lower body shifts to a powerful aquatic tail in water.


Message History

HP restored.
Done exploring.
You climb downwards.
The ogre hits you with a +0 giant club!
There is a stone staircase leading up here.
The ogre hits you with a +0 giant club!
* * * LOW HITPOINT WARNING * * *
The orc priest looks encouraged for a moment.
You climb upwards.
Level annotation: 2 runed translucent doors, pajopajo's ghost, amateur MiCK
There is a stone staircase leading down, spattered with blood here.
Unknown command.
Casting: Freeze (safe; 1% risk of failure)
Confirm with . or Enter, or press ? or * to list all spells.
Aiming: Freeze (safe; 1% risk of failure)
Press: ? - help, Shift-Dir - straight line, f - ogre
Aim: an ogre, wielding a +0 giant club You freeze the ogre.
The ogre is lightly wounded.
The ogre closely misses you.
The orc priest hits you with a +0 dagger.
* * * LOW HITPOINT WARNING * * *
Casting: Freeze (safe; 1% risk of failure)
Confirm with . or Enter, or press ? or * to list all spells.
Aiming: Freeze (safe; 1% risk of failure)
Press: ? - help, Shift-Dir - straight line, f/p - ogre
Aim: an ogre, wielding a +0 giant club (lightly wounded)
You freeze the ogre.
The ogre is moderately wounded.
The orc priest looks braver for a moment.
Unknown command.
Casting: Freeze (safe; 1% risk of failure)
Confirm with . or Enter, or press ? or * to list all spells.
Aiming: Freeze (safe; 1% risk of failure)
Press: ? - help, Shift-Dir - straight line, f/p - ogre
Aim: an ogre, wielding a +0 giant club (moderately wounded)
You freeze the ogre.
The ogre is heavily wounded.
The ogre hits you with a +0 giant club!!
Ouch! That really hurt!
You die...

#####.#.#######.########.# #..
######.## #.# #.# ##### ...# #.#
#.# #.####...# ##.#
#.########.### #.##...... #.#
#.#..........# ###...###. #.#
#.#..#####...# #...##(## #.#
#.#..#####...#######...##..†
##.###.........O.).##...##...####
..............#.@.##)....##......
.####......##...o[#..###..###....
.#######..#.###...##...##...####.
.##.##.#...........#####........#
.###..≈#..........##...##...####.
.#~~.≈.#...###....#..###..###....
.##..#.+.........###.....##......
.#.)...+...###.###.##...##...####
.##.~⌠≈#..###...##.######...##...


You could see an ogre and an orc priest.

Vanquished Creatures
  An iguana (D:3)
  2 adders (D:3)
  A worm (D:2)
  7 orcs (D:3)
  6 endoplasms
  4 giant cockroaches
  7 goblins
  6 hobgoblins
  3 jackals (D:1)
  5 kobolds
  A quokka (D:1)
  8 ball pythons
  6 bats
  2 frilled lizards (D:2)
  7 rats (D:2)
66 creatures vanquished.

Notes
Turn   | Place    | Note
-------+----------+-------------------------------------------
     0 | D:1      | safid the Merfolk Ice Elementalist began the quest for the
                  | Orb.
     0 | D:1      | Reached XP level 1. HP: 13/13 MP: 3/3
   198 | D:1      | Reached XP level 2. HP: 20/20 MP: 3/5
   296 | D:1      | Reached skill level 1 in Fighting
   511 | D:1      | Reached XP level 3. HP: 22/26 MP: 6/6
   841 | D:1      | Learned a level 3 spell: Frozen Ramparts
   845 | D:1      | Learned a level 3 spell: Ozocubu's Armour
  1424 | D:2      | Reached skill level 5 in Ice Magic
  1563 | D:2      | Reached XP level 4. HP: 32/33 MP: 8/8
  2042 | D:3      | Found a large runed translucent door.
  2042 | D:3      | Found a large runed translucent door.
  2044 | D:3      | Noticed pajopajo's ghost (amateur MiCK)
  2155 | D:3      | Found Tewud's Antique Weapon Boutique.
  2556 | D:3      | Reached XP level 5. HP: 31/39 MP: 3/9
  2825 | D:4      | Noticed an ogre
  2898 | D:3      | Demolished by an ogre

Illustrated notes

Levels and vault maps discovered:
D:1:      dpeg_arrival_rooms_with_view, layout_basic, st_stairs_3
D:2:      layout_loops_ring
D:3:      layout_loops_ring, serial_shops, nicolae_shop_overgrown_old_shop,
          ebering_ghost_disaster_area, minmay_puff
D:4:      layout_basic, chequers_temple_overflow_minitemple,
          minmay_temple_entry_overgrown, serial_corexii_hall,
          corexii_hall_statues_t, corexii_hall_statues_i,
          corexii_hall_statues_x, corexii_hall_statues_i, serial_bayou_ford_a,
          minmay_misc_feat_chi, minmay_box_of_dots

Skill      XL: |  1  2  3  4 |
---------------+-------------+-----
Fighting       | 1 2 |  2.6
Ice Magic      | 5 |  5.3
Spellcasting   | 3 |  3.1
Dodging        | |  2.6
Stealth        | |  2.1

Action                     |  1- 3 |  4- 6 || total
---------------------------+-------+-------++-------
  Melee: Unarmed           |    32 |       ||    32
         Spear             |   107 |    46 ||   153
   Cast: Freeze            |    36 |    28 ||    64
         Frozen Ramparts   |       |     2 ||     2
   Stab: Sleeping          |     6 |     3 ||     9
 Armour: Robe              |    28 |    11 ||    39
  Dodge: Dodged            |    82 |    43 ||   125
